 Dungeon Crawl Stone Soup version 0.29.0-4-gdea44cf6ec (webtiles) character file.

Game seed: 9668458793011707223

891 ProzacElf the Chopper (level 7, -4/55 HPs)
             Began as a Palentonga Fighter on Aug 27, 2022.
             Was an Initiate of Gozag.
             Slain by a hound (6 damage)
             ... on level 5 of the Dungeon.
             The game lasted 00:09:22 (5411 turns).

ProzacElf the Chopper (Palentonga Fighter)          Turns: 5411, Time: 00:09:22

Health: -4/55      AC:  7    Str: 19 (21) XL:     7   Next: 78%
Magic:  7/7        EV:  7    Int:  7 (8)  God:    Gozag
Gold:   485        SH:  4    Dex:  9 (12) Spells: 6/6 levels left

rFire   . . .      SeeInvis +   a - +0 war axe
rCold   . . .      Faith    .   c - +0 buckler
rNeg    + + .      Spirit   .   b - +0 scale mail
rPois   .          Reflect  .   i - +0 hat
rElec   .          Harm     .   (no cloak)
rCorr   .          Rampage  .   m - +0 pair of gloves
Will    +++..      Clarity  +   (no barding)
Stlth   ..........              w - amulet of the Four Winds {rN+ Will+++ Clar}
HPRegen 0.18/turn               e - ring of positive energy
MPRegen 0.10/turn               (no ring)

@: corroded, curled up
A: large, rugged brown scales 3, see invisible, deformed body, roll 1, armoured
tail, reflexive curl
a: Rolling Charge, Renounce Religion, Potion Petition, Call Merchant, Bribe
Branch


You were on level 5 of the Dungeon.
You worshipped Gozag.
Gozag was aware of your devotion.
You visited 1 branch of the dungeon, and saw 6 of its levels.

You collected 495 gold pieces.
You spent 10 gold pieces at shops.

Inventory:

Hand Weapons
 a - a +0 war axe (weapon)
 k - a +0 short sword of freezing
 v - a +1 dagger of flaming
Armour
 b - a +0 scale mail (worn)
 c - a +0 buckler (worn)
 i - a +0 hat (worn)
 m - a +0 pair of gloves (worn)
 p - a +2 robe of resistance
 E - the +0 robe of the Sturgeon {+Blink rF+ Dex-3}
   (You found it on level 4 of the Dungeon)

   Dex:       It affects your dexterity (-3).
   rF:        It protects you from fire.
   +Blink:    It lets you blink.
Jewellery
 e - a ring of positive energy (left hand)
 s - an amulet of magic regeneration
 w - the amulet of the Four Winds (around neck) {rN+ Will+++ Clar}
   (You found it on level 3 of the Dungeon)

   [amulet of nothing]

   rN:        It protects you from negative energy.
   Clar:      It protects you against confusion.
   Will:      It greatly increases your willpower.
Wands
 o - a wand of flame (13)
 x - a wand of charming (4)
Scrolls
 f - a scroll of butterflies {unknown}
 h - 2 scrolls of teleportation {unknown}
 j - a scroll of poison {unknown}
 l - a scroll of enchant armour {unknown}
 n - 3 scrolls of identify {unknown}
 t - a scroll of vulnerability {unknown}
 y - a scroll of amnesia {unknown}
 z - a scroll of enchant weapon {unknown}
 D - 2 scrolls of brand weapon {unknown}
 F - a scroll of immolation {unknown}
Potions
 d - a potion of might
 g - a potion of heal wounds {unknown}
 q - 2 potions of resistance
 r - 2 potions of degeneration
 u - a potion of berserk rage {unknown}
 A - a potion of flight {unknown}
 B - a potion of mutation {unknown}
 C - 4 potions of curing {unknown}
 G - 2 potions of haste {unknown}
 H - a potion of lignification {unknown}


   Skills:
 - Level 3.0 Fighting
 + Level 7.4 Axes
 - Level 5.0 Armour
 - Level 2.6 Shields


You had 6 spell levels left.
You didn't know any spells.
Your spell library contained the following spells:

 Spells                   Type           Power      Damage    Failure   Level
 Sandblast                Erth           0%         2d4       86%         1
 Passwall                 Tmut/Erth      0%         N/A       94%         2
 Stone Arrow              Conj/Erth      0%         3d7       99%         3
 Tukima's Dance           Hex            0%         N/A       99%         3
 Passage of Golubria      Tloc           0%         N/A       100%        4
 Yara's Violent Unravell  Hex/Tmut       0%         3d3       100%        5


Dungeon Overview and Level Annotations

Branches:
Dungeon (6/15)             Temple (0/1) D:5

Altars:
Gozag
Makhleb
Ru
Xom

Shops:
D:1 ?   D:5 *

Annotations:
D:5 1 runed translucent door, NinjaNoafa's ghost, novice FoFi


Innate Abilities, Weirdness & Mutations

You are completely covered in rugged brown scales. (AC +3, +7% HP)
You have supernaturally acute eyesight. (SInv)
Armour fits poorly on your strangely shaped body.
You can roll at nearby foes to attack.
You have a long armoured tail.
You curl defensively after being hit. (AC +7*)


Message History

Tha hound closely misses ye.
A water moccasin comes inta view.
Tha black bear bites ye!
Tha black bear claws ye but does nay damage.
Ye block tha black bear's attack.
Tha hound bites ye but does nay damage.
Ye take 9 damage, an' haf 22/55 hp.
Ye be too injured ta fight recklessly!
Ye be too injured ta fight recklessly!
Ye be too injured ta fight recklessly!
Tha water moccasin hisses angrily.
Tha hound bites ye.
Tha black bear bites ye.
* * * LOW HITPOINT WARNIN'
* * * Tha black bear claws ye but does nay damage.
Ye block tha black bear's attack.
Ye climb upwards.
Level annotation: 1 run'd translucent door, NinjaNoafa's ghost, novice FoFi Thar be a stone staircase leadin' down 'ere.
Ye take 5 damage, an' haf 17/55 hp.
Tha hound completely misses ye.
Tha black bear attacks as ye move away!
Tha black bear bites ye!
* * * LOW HITPOINT WARNIN'
* * * Ye block tha black bear's attack.
Tha black bear claws ye but does nay damage.
Tha hound be distracted by yer dazzlin' gold'n aura.
Ye take 9 damage, an' haf 8/55 hp.
Tha black bear attacks as ye move away!
Tha black bear bites ye.
* * * LOW HITPOINT WARNIN'
* * * Tha black bear claws ye but does nay damage. x2
Tha hound be nay longer distracted by gold.
Ye take 5 damage, an' haf 3/55 hp.
Tha hound attacks as ye move away!
Tha hound bites ye.
* * * LOW HITPOINT WARNIN'
* * * Tha hound barely misses ye.
Ye take 2 damage, an' haf 1/55 hp.
It was a potion o' degeneration.
Thar was somethin' very wrong wit tha liquid.
Ye feel weaken'd.
Ye feel dopey.
Ye feel clumsy.
Tha hound bites ye.
Ye die...
Yer body crumbles inta a pile o' gold.

#..## ##.......##
##..#.##.# #.##
##.....##
#.....##.# #.#
##...##
#.#.####.# #.#
######'##
#.#.####.# #.#
#.......#
#.#......# #.#
#.##....#
#.######## #.#
#.##....## #.#
#.#
#....>...######.#
#.##
#.......hh@.....#
...##
#......>.########
....#####....###
.............#
....########.#
...## #.# #.##
#.# ### #.#
############.#


You could see a black bear and a hound.

Vanquished Creatures
  Sigmund (D:2)
  Eustachio (D:4)
  A black bear (D:4)
  Blork the orc (D:4)
  A scorpion (D:5)
  An orc priest (D:4)
  2 jellies
  Jessica (D:2)
  3 iguanas (D:5)
  Ijyb (D:5)
  An orc wizard (D:4)
  2 adders
  3 gnolls (D:3)
  A white imp (D:5)
  An ufetubus (D:5)
  A worm (D:3)
  3 dart slugs
  8 orcs
  3 ball pythons
  5 endoplasms
  2 giant cockroaches
  9 goblins
  9 hobgoblins
  4 kobolds
  2 quokkas (D:4)
  4 bats
  4 frilled lizards (D:2)
  4 rats
79 creatures vanquished.

Notes
Turn   | Place    | Note
-------+----------+-------------------------------------------
     0 | D:1      | ProzacElf the Palentonga Fighter began the quest for the
                  | Orb.
     0 | D:1      | Reached XP level 1. HP: 19/19 MP: 1/1
    76 | D:1      | Found Qoibbobb's Magic Scroll Shoppe.
   135 | D:1      | Reached XP level 2. HP: 15/25 MP: 2/2
   619 | D:1      | Bought a scroll of noise for 10 gold pieces
   723 | D:1      | Found a faded altar of an unknown god.
   733 | D:1      | Prayed at the altar of an unknown god.
   733 | D:1      | Became a worshipper of Gozag Ym Sagoz the Greedy
   818 | D:2      | Found a shimmering altar of Xom.
   833 | D:2      | Reached XP level 3. HP: 31/31 MP: 3/3
   915 | D:2      | Reached skill level 3 in Axes
  1013 | D:2      | Noticed Sigmund
  1029 | D:2      | Killed Sigmund
  1030 | D:2      | Reached skill level 4 in Axes
  1030 | D:2      | Reached XP level 4. HP: 3/37 MP: 4/4
  1030 | D:2      | Reached XP level 5. HP: 4/43 MP: 5/5
  1463 | D:2      | Noticed Jessica
  1465 | D:2      | Killed Jessica
  2360 | D:3      | Found the amulet of the Four Winds {rN+ Will+++ Clar}
  2396 | D:3      | Reached XP level 6. HP: 41/50 MP: 6/6
  2507 | D:3      | You fall into a shaft and drop 2 floors!
  2507 | D:5      | Entered Level 5 of the Dungeon
  2646 | D:5      | Reached skill level 5 in Axes
  2875 | D:5      | Found a staircase to the Ecumenical Temple.
  3028 | D:5      | Noticed Ijyb
  3049 | D:5      | Killed Ijyb
  3150 | D:5      | Found a runed translucent door.
  3150 | D:5      | Noticed NinjaNoafa's ghost (novice FoFi)
  3293 | D:4      | Noticed Eustachio
  3367 | D:4      | Killed Eustachio
  3368 | D:4      | Reached skill level 6 in Axes
  3368 | D:4      | Reached skill level 5 in Armour
  3368 | D:4      | Gained mutation: You curl defensively after being hit. (AC
                  | +7*) [Palentonga growth]
  3368 | D:4      | Reached XP level 7. HP: 6/55 MP: 7/7
  3802 | D:4      | Noticed Blork the orc
  4047 | D:4      | Killed Blork the orc
  4048 | D:4      | Reached skill level 7 in Axes
  4271 | D:4      | Identified the +0 robe of the Sturgeon {+Blink rF+ Dex-3}
  4561 | D:5      | Found a sacrificial altar of Ru.
  5072 | D:5      | Found Hotates's Gadget Gallery.
  5113 | D:5      | Found a burning altar of Makhleb.
  5410 | D:5      | HP: 1/55 [hound (2)]
  5411 | D:5      | Slain by a hound

Illustrated notes

Levels and vault maps discovered:
D:1:      dpeg_arrival_pits, layout_rooms, serial_shops, shop,
          ebering_ecumenical_altar_abandoned
D:2:      layout_basic, basic_altar, uniq_jessica, uniq_sigmund
D:3:      layout_basic, kennysheep_crisscross
D:4:      layout_loops_ring, uniq_eustachio, uniq_blork_the_orc
D:5:      layout_loops_corners, pf_just_have_faith, overflow_temple_1_default,
          temple_fountains, hellmonk_ghost_happy_afterlife,
          nicolae_shop_gadgets, uniq_ijyb
D:6:      layout_cave_pools, nicolae_elyvilon_peaceful_grove, serial_shops,
          nicolae_shop_competitors_out_of_business

Skill      XL: |  1  2  3  4  5  6  7 |
---------------+----------------------+-----
Armour         | 3 4 5 |  5.0
Axes           | 4 6 7 |  7.4
Fighting       | |  3.0
Shields        | |  2.6

Action                   |  1- 3 |  4- 6 |  7- 9 || total
-------------------------+-------+-------+-------++-------
Melee: War axe           |    85 |   105 |    45 ||   235
       Tailslap          |     9 |    14 |     5 ||    28
 Abil: Rolling Charge    |     1 |       |       ||     1
Evoke: Wand              |       |     1 |     2 ||     3
  Use: Potion            |       |     1 |     1 ||     2
Armor: Scale mail        |    50 |    59 |    49 ||   158
Dodge: Dodged            |    28 |    44 |    32 ||   104
Block: Buckler           |    16 |    17 |    14 ||    47
